Map: Backwater LE

Players

barthak - Winner!

  • Race: Protoss Protoss
  • League: Gold
  • Spawn Location: 5:00

Memphis

  • Race: Terran Terran
  • Spawn Location: 11:00

VOD

Have the link to the VOD?

Description

Time

  • Played on: March 10, 2018, 6:16 p.m.
  • Length: 22:59
Show
View Real Time Build Order
Export as new Build Order

barthak Protoss - Winner!

Build Orders:  

Get SALT Encoding   

  12  0:01  Probe  
  13  0:13  Probe  
  14  0:22  Pylon  
  14  0:34  Probe  
  15  0:50  Gateway  
  15  0:53  Gateway  
  15  0:58  Probe  
  15  1:03  Assimilator  
  16  1:10  Probe  
  17  1:11  Pylon  
  17  1:22  Probe  
  18  1:34  Probe  
  18  1:38  Cybernetics Core  
  19  1:42  Zealot  
  19  1:43  Zealot  
  23  1:49  Probe  
  24  2:12  Nexus  
  24  2:16  Warp Gate (Chrono Boost)  
  24  2:17  Probe  
  25  2:27  Stalker  
  27  2:32  Stalker  
  29  2:41  Probe  
  30  2:55  Assimilator  
  30  2:56  Probe  
  31  3:13  Pylon  
  31  3:15  Pylon  
  31  3:23  Probe  
  32  3:35  Pylon  
  32  3:39  Probe x2  
  34  3:49  Twilight Council  
  34  3:51  Probe x2  
  36  4:12  Robotics Facility  
  36  4:18  Forge  
  36  4:22  Nexus  
  36  4:27  Probe x2  
  38  4:35  Pylon  
  38  4:39  Pylon, Probe x2  
  40  4:48  Stalker  
  40  4:49  Stalker  
  40  4:51  Probe x2  
  46  4:53  Charge  
  46  5:03  Probe x2  
  46  5:04  Assimilator  
  48  5:09  Assimilator  
  48  5:15  Probe x2  
  48  5:18  Observer  
  51  5:27  Photon Cannon, Probe x2  
  53  5:33  Protoss Ground Weapons Level 1  
  53  5:37  Pylon  
  53  5:41  Probe x2  
  55  5:51  Stalker x2  
  55  5:56  Immortal  
  63  6:02  Probe x2  
  63  6:03  Probe  
  66  6:15  Pylon  
  66  6:17  Pylon  
  66  6:18  Stalker x2  
  66  6:20  Pylon  
  70  6:29  Pylon  
  70  6:33  Stargate  
  70  6:43  Gateway  
  70  6:46  Gateway  
  70  6:48  Gateway  
  70  6:49  Stalker x2  
  70  6:50  Gateway  
  70  6:52  Observer  
  75  6:54  Probe x2  
  75  6:58  Probe  
  78  7:06  Probe  
  78  7:07  Probe  
  80  7:09  Blink  
  80  7:10  Probe  
  80  7:15  Zealot x2  
  85  7:20  Probe x2  
  85  7:22  Probe  
  88  7:29  Phoenix  
  90  7:32  Probe  
  91  7:41  Zealot, Protoss Ground Weapons Level 2 (Chrono Boost)  
  91  7:42  Zealot x2  
  97  7:45  Zealot x2  
  101  7:54  Forge  
  101  7:56  Assimilator  
  101  8:00  Assimilator  
  101  8:01  Probe x2  
  101  8:02  Probe  
  104  8:07  Zealot x3  
  104  8:08  Zealot x3  
  104  8:10  Warp Prism  
  118  8:19  Templar Archives  
  118  8:26  Probe  
  119  8:32  Protoss Ground Armor Level 1 (Chrono Boost)  
  119  8:34  Phoenix  
  121  9:05  Nexus, High Templar x5  
  121  9:06  High Templar  
  133  9:18  Psionic Storm  
  133  9:24  Archon x2  
  133  9:25  Archon  
  133  9:33  Pylon  
  133  9:35  Pylon  
  133  9:40  Pylon  
  133  9:54  Zealot x6  
  141  10:15  Photon Cannon  
  141  10:16  Zealot x3  
  141  10:17  Photon Cannon, Zealot x3  
  117  10:59  Phoenix (Chrono Boost)  
  105  11:09  Stargate  
  91  11:12  Stargate  
  91  11:14  Photon Cannon  
  91  11:15  Phoenix (Chrono Boost)  
  91  11:16  Photon Cannon  
  91  11:18  Photon Cannon  
  79  11:23  Photon Cannon  
  79  11:25  Photon Cannon  
  67  11:28  Stalker  
  67  11:29  Stalker x5  
  77  11:40  Phoenix (Chrono Boost)  
  79  11:55  Protoss Air Weapons Level 1 (Chrono Boost)  
  79  12:00  Phoenix (Chrono Boost)  
  85  12:03  Phoenix (Chrono Boost)  
  85  12:11  Phoenix (Chrono Boost)  
  79  12:20  Phoenix  
  79  12:22  Pylon, Phoenix  
  77  12:23  Pylon  
  77  12:26  Zealot x3  
  77  12:27  Zealot x3  
  87  12:34  Void Ray  
  91  12:44  Void Ray  
  91  12:47  Phoenix  
  97  12:55  Immortal  
  101  13:02  Void Ray  
  101  13:10  Void Ray (Chrono Boost)  
  109  13:27  Fleet Beacon  
  109  13:31  Void Ray (Chrono Boost)  
  109  13:32  Zealot x5  
  109  13:33  Zealot  
  129  13:34  Immortal  
  129  13:42  Protoss Air Armor Level 1  
  129  13:46  Void Ray (Chrono Boost)  
  133  13:54  Void Ray (Chrono Boost)  
  137  14:01  Zealot x4  
  137  14:02  Zealot x2  
  149  14:05  Void Ray (Chrono Boost)  
  149  14:07  Protoss Ground Weapons Level 3  
  149  14:09  Protoss Ground Armor Level 2  
  153  14:17  Assimilator  
  153  14:20  Probe x2  
  153  14:21  Assimilator, Probe x2  
  157  14:26  Carrier x2  
  157  14:30  Zealot x3  
  157  14:31  Zealot x2  
  179  14:39  Pylon  
  179  14:40  Pylon  
  179  14:57  Carrier, Observer  
  186  15:01  Zealot x4  
  186  15:02  Zealot  
  194  15:19  Observer  
  139  15:33  Zealot x2  
  139  15:34  Zealot x4  
  115  15:54  Carrier  
  115  15:55  Carrier  
  117  15:58  Zealot  
  117  15:59  Zealot x3  
  117  16:00  Zealot x2  
  127  16:22  Carrier  
  127  16:23  Zealot x6  
  137  16:29  Protoss Ground Armor Level 3  
  123  17:06  High Templar x2  
  123  17:07  Pylon, High Templar  
  129  17:09  Pylon  
  115  17:20  Carrier x2 (Chrono Boost)  
  115  17:22  Archon  
  119  17:25  High Templar  
  121  17:34  Archon  
  121  17:45  Carrier (Chrono Boost)  
  121  17:50  Nexus  
  127  18:01  Protoss Air Weapons Level 2  
  127  18:13  Cybernetics Core  
  127  18:36  Assimilator  
  127  18:40  Carrier x2 (Chrono Boost)  
  139  19:06  Assimilator  
  145  19:12  Carrier (Chrono Boost)  
  134  19:26  Zealot x5  
  133  19:50  Carrier x2 (Chrono Boost)  
  133  20:21  Carrier (Chrono Boost)  
  139  20:32  Nexus  
  139  21:04  Assimilator  
  139  21:06  Carrier x2 (Chrono Boost)  
  139  21:09  Assimilator  
  151  21:17  Zealot  
  151  21:18  Zealot x5  
Show
View Real Time Build Order
Export as new Build Order

Memphis Terran 

Build Orders:  

Get SALT Encoding   

  12  0:46  Supply Depot  
  12  0:49  SCV  
  13  0:52  Command Center  
  13  1:01  SCV  
  14  1:13  SCV  
  15  1:30  Barracks  
  15  1:31  Barracks  
  15  1:34  Refinery  
  15  1:37  SCV  
  16  1:50  SCV  
  17  1:55  Refinery  
  17  2:05  SCV  
  18  2:17  SCV  
  18  2:18  SCV  
  20  2:27  Barracks Reactor  
  20  2:28  Barracks Tech Lab  
  20  2:31  SCV x2  
  22  2:47  Factory  
  22  2:52  SCV x2  
  24  3:00  Marine  
  24  3:04  SCV x2  
  27  3:15  Marine x2  
  27  3:16  SCV x2  
  31  3:22  Marine  
  31  3:24  Combat Shields  
  32  3:35  Supply Depot  
  32  3:41  Factory Tech Lab  
  32  3:43  SCV x2  
  34  3:51  Supply Depot  
  34  3:52  Supply Depot  
  34  3:55  SCV x2  
  36  3:56  Marine  
  36  3:57  Marine  
  36  4:00  Marine  
  39  4:08  SCV x2  
  41  4:20  Starport  
  41  4:23  Starport  
  41  4:26  Siege Tank  
  41  4:31  SCV x2  
  46  4:35  Marine x2  
  46  4:36  Marine  
  50  4:45  SCV x2  
  50  4:52  Refinery x2  
  51  4:54  Marine x2  
  51  4:59  Siege Tank  
  56  5:01  Starport Tech Lab x2  
  56  5:05  SCV x2  
  58  5:16  Marine x3  
  58  5:18  SCV  
  62  5:27  Supply Depot  
  62  5:28  Supply Depot  
  62  5:30  Supply Depot  
  62  5:33  Orbital Command  
  62  5:43  Orbital Command  
  61  5:55  Cloaking Field  
  61  6:14  Starport  
  61  6:15  Starport  
  61  6:21  Starport  
  61  6:22  Command Center  
  61  6:23  Starport  
  61  6:28  Starport  
  61  6:43  Supply Depot x2  
  61  6:45  Supply Depot x2  
  61  6:49  SCV  
  61  6:50  SCV  
  63  6:54  Starport Tech Lab x2  
  63  7:01  Starport Tech Lab x2  
  63  7:06  Starport Tech Lab  
  63  7:11  Banshee  
  63  7:12  Banshee  
  69  7:17  Banshee  
  69  7:19  Banshee  
  75  7:25  Supply Depot  
  75  7:27  Supply Depot  
  75  7:33  Banshee  
  75  7:34  Banshee  
  75  7:36  Banshee  
  84  7:41  SCV x3  
  87  7:47  Siege Tank  
  90  7:57  SCV x2  
  90  7:58  SCV  
  93  8:03  Banshee x2  
  99  8:09  SCV  
  99  8:10  SCV x2  
  102  8:16  Banshee x2  
  102  8:19  Banshee  
  111  8:25  Refinery  
  111  8:26  Refinery  
  111  8:33  Banshee  
  114  8:36  Banshee  
  114  8:39  Command Center  
  117  8:47  SCV x3  
  120  8:59  Supply Depot  
  120  9:00  Supply Depot x3, Banshee  
  120  9:01  Supply Depot x3  
  120  9:02  Banshee  
  125  9:05  Banshee  
  128  9:17  Marine  
  128  9:18  Marine x2  
  131  9:35  Marine  
  131  9:36  Marine x2  
  134  9:40  Banshee  
  134  9:41  Banshee x2  
  134  9:42  Banshee  
  134  9:43  Siege Tank  
  146  9:53  Marine  
  146  9:54  Marine x2  
  146  9:55  Banshee x2  
  137  10:12  Banshee  
  140  10:15  Marine  
  140  10:16  Marine x2  
  143  10:22  SCV x4  
  143  10:23  Banshee  
  143  10:33  Marine  
  143  10:34  SCV x4, Marine x2  
  129  10:46  SCV  
  129  10:48  Viking x2  
  129  10:49  Viking x3  
  128  10:51  Marine x3  
  128  10:55  Viking  
  120  11:09  Marine x3  
  101  11:27  Marine x3  
  104  11:35  Banshee x2  
  104  11:36  Banshee x2  
  104  11:39  Viking  
  118  11:44  Marine  
  118  11:45  Marine x2  
  121  11:48  SCV x4  
  125  12:00  SCV x4  
  129  12:02  Marine  
  129  12:03  Marine x2  
  112  12:18  Banshee x4  
  112  12:20  Marine x3  
  122  12:22  Viking  
  122  12:23  Viking x2  
  122  12:33  Barracks x2  
  122  12:35  Barracks  
  122  12:37  Barracks  
  122  12:38  Marine  
  122  12:41  Marine x2  
  122  12:43  Siege Tank  
  123  12:48  SCV  
  123  12:49  SCV x3, Command Center  
  116  12:57  Viking x3  
  122  13:00  SCV, Marine x2  
  122  13:01  Marine, Banshee x2, Viking x2  
  122  13:02  Command Center  
  136  13:15  Siege Tank  
  136  13:18  Marine  
  140  13:27  Barracks Reactor x4  
  140  13:30  Refinery  
  140  13:31  Refinery  
  140  13:37  Marine x3  
  143  13:42  Viking x3  
  143  13:43  Refinery, Banshee x2  
  143  13:44  Banshee  
  143  13:45  Banshee  
  143  13:47  Siege Tank  
  164  13:53  Orbital Command  
  164  13:55  Orbital Command  
  164  14:09  Marine x6  
  169  14:10  Marine x3  
  169  14:11  Marine  
  169  14:12  Marine  
  169  14:15  Viking x3  
  181  14:19  Siege Tank  
  184  14:26  SCV x3, Banshee x2  
  184  14:27  SCV x3  
  196  14:32  Marine  
  196  14:33  Marine x3  
  200  15:16  Marine  
  200  15:17  Marine x9  
  200  15:18  Marine  
  184  15:25  Siege Tank  
  159  15:34  Marine  
  159  15:35  Marine x10, Viking x2  
  156  15:36  Viking  
  156  15:41  Viking x2  
  156  15:42  Viking x2  
  150  15:52  Marine x4  
  150  15:53  Marine x6  
  138  16:03  Marine  
  134  16:05  Viking x2  
  134  16:06  Viking  
  134  16:10  Marine x4  
  140  16:11  Viking x2  
  140  16:12  Viking  
  130  16:26  Marine  
  130  16:27  Marine x6  
  130  16:28  Marine x3  
  128  16:41  Siege Tank  
  128  16:42  Viking x2  
  128  16:44  Marine x2  
  128  16:45  Marine x6  
  128  16:46  Marine  
  144  17:03  Marine  
  130  17:18  Marine  
  130  17:19  Marine x8  
  130  17:21  Marine  
  134  17:27  Siege Tank  
  137  17:36  Marine  
  137  17:37  Marine x8, Viking x5  
  130  17:38  Viking x2  
  130  17:39  Marine  
  151  17:54  Marine x7  
  151  17:55  Marine  
  151  17:57  Refinery, Marine x2  
  161  17:59  Siege Tank  
  164  18:05  Starport  
  164  18:07  Starport  
  164  18:08  Starport  
  164  18:10  Starport  
  164  18:11  Starport  
  164  18:12  Marine x6  
  166  18:13  Marine x2  
  166  18:15  Viking x5  
  166  18:16  Viking  
  184  18:35  Marine x3  
  184  18:36  Marine x6  
  184  18:37  Marine  
  194  18:45  Viking x3  
  200  18:50  Starport Tech Lab x5  
  169  19:31  Viking x2  
  169  19:32  Viking x5  
  169  19:33  Viking x5  
  111  20:00  Marine  
  111  20:01  Marine x5, Viking x2  
  111  20:02  Marine x4, Viking x5  
  111  20:03  Viking x2  
  139  20:18  Marine  
  139  20:19  Marine x5  
  145  20:21  Command Center  
  145  20:24  Viking x2  
  145  20:25  Viking  
  145  20:27  Marine x2  
  145  20:28  Marine x2  
  155  20:35  Command Center  
  155  20:36  Marine  
  155  20:37  Marine x3  
  159  20:58  Viking  
  159  20:59  Viking x4  
  159  21:00  Viking x3  
  159  21:01  Viking x2  
  159  21:02  Viking  
  181  21:05  Marine x3  
  181  21:06  Marine x5  
  181  21:07  Marine x2  
  191  21:23  Marine x2  
  148  22:03  Marine  
  148  22:04  Marine x9  
  100  22:11  Viking x3  
  100  22:12  Viking x6  
  110  22:21  Marine x2  
  110  22:22  Marine  
  108  22:39  Marine x3  
Tags
 
League
Gold
Matchup
PvT
Spawn Locations
Cross Positions
Add a new tag
Caveats
  • Supply blocks, unpowered buildings, or Contaminate may cause inaccurate times.
  • Supply counts are checked every 10 seconds.